 Dungeon Crawl Stone Soup version 0.26-a0-1184-g95e395e029 (webtiles) character file.

Game seed: 16141504554927615728

289 sahdkjhfkaj the Chopper (level 6, 0/53 HPs)
             Began as a Minotaur Berserker on Dec 27, 2020.
             Was a Priest of Trog.
             Succumbed to a worker ant's poison
             ... on level 4 of the Dungeon.
             The game lasted 00:02:13 (3322 turns).

sahdkjhfkaj the Chopper (Minotaur Berserker)        Turns: 3322, Time: 00:02:13

Health: 0/53       AC:  5    Str: 20 (23) XL:     6   Next: 9%
Magic:  5/5        EV: 12    Int:  3 (4)  God:    Trog [***...]
Gold:   129        SH:  0    Dex:  9 (10) Spells: 5/5 levels left

rFire    . . .     SeeInvis .   a - +1 hand axe
rCold    . . .     Faith    .   (no shield)
rNeg     . . .     Spirit   .   p - +0 ring mail
rPois    .         Reflect  .   (helmet restricted)
rElec    .         Harm     .   b - scarf {repulsion}
rCorr    .         Rampage  .   f - -1 pair of gloves (curse)
Will     .....                  (no boots)
Stlth    ..........             (no amulet)
HPRegen  0.17/turn              (no ring)
MPRegen  0.09/turn              (no ring)

@: lethally poisoned (0 -> -7), berserk cooldown, slowed, repel missiles, very
slow
A: retaliatory headbutt, horns 2
a: Renounce Religion, Berserk, Trog's Hand


You were on level 4 of the Dungeon.
You worshipped Trog.
Trog was most pleased with you.
You visited 1 branch of the dungeon, and saw 4 of its levels.

You collected 129 gold pieces.

Inventory:

Hand Weapons
 a - a +1 hand axe (weapon)
Armour
 b - a scarf of repulsion (worn)
 f - a cursed -1 pair of gloves (worn)
 p - a +0 ring mail (worn)
Scrolls
 c - 2 scrolls of remove curse
 d - a scroll of magic mapping
 g - 2 scrolls of immolation
 h - 3 scrolls of enchant weapon
 l - a scroll of enchant armour {unknown}
 m - a scroll of teleportation {!r}
 o - a scroll of fear {unknown}
Potions
 e - 3 potions of attraction
 j - a potion of mutation {unknown}
 k - a potion of brilliance {unknown}
 n - a potion of magic {unknown}
 q - a potion of invisibility {unknown}
 r - a potion of flight {unknown}


   Skills:
 + Level 4.7 Fighting
 * Level 5.4 Axes
 + Level 3.5 Armour
 + Level 3.2 Dodging
 * Level 3.6 Shields


You had 5 spell levels left.
You didn't know any spells.
Your spell library was empty.

Dungeon Overview and Level Annotations

Branches:
Dungeon (4/15)
 Temple: D:4-7

Altars:
Gozag
Makhleb


Innate Abilities, Weirdness & Mutations

You reflexively headbutt those who attack you in melee.
You have a pair of horns on your head.


Message History

Your experience leads to an increase in your attributes!
Increase (S)trength, (I)ntelligence, or (D)exterity?
You feel stronger.
* * * LOW HITPOINT WARNING * * *
You feel sick.
You feel a strong urge to attack something.
Found 10 gold pieces.
* * * LOW HITPOINT WARNING * * *
You feel sick.
Unknown command.
You feel your anger nearly subside.
You are no longer berserk.
You are exhausted.
You feel yourself slow down.
* * * LOW HITPOINT WARNING * * *
You feel sick.
It was a potion of degeneration.
There was something very wrong with that liquid.
You feel weakened.
You feel dopey.
You feel clumsy.
You die...

#.......#
.B......#
##.#####.##
#..#.....##
###.#.).)...##
#......†.)....#
..............#
#.............#
....#......@..#
.####.........#
##.......##
#.........
...........#
....$......#
...........#
..........#


There were no monsters in sight!

Vanquished Creatures
  A scorpion (D:4)
  A hound (D:3)
  An orc priest (D:4)
  A worker ant (D:4)
  3 gnolls (D:3)
  4 adders (D:2)
  An ooze (D:2)
  A dart slug (D:2)
  3 leopard geckos
  6 orcs
  2 ball pythons (D:3)
  4 giant cockroaches
  15 goblins
  11 hobgoblins
  A quokka (D:3)
  6 bats
  3 frilled lizards
  6 kobolds
  8 rats
78 creatures vanquished.

Notes
Turn   | Place    | Note
-------+----------+-------------------------------------------
     0 | D:1      | sahdkjhfkaj the Minotaur Berserker began the quest for the
                  | Orb.
     0 | D:1      | Reached XP level 1. HP: 19/19 MP: 0/0
   211 | D:1      | You fall into a shaft and drop 1 floor!
   336 | D:2      | Reached XP level 2. HP: 25/27 MP: 1/1
   342 | D:2      | Reached skill level 4 in Axes
   342 | D:2      | Reached skill level 1 in Shields
   383 | D:2      | Reached XP level 3. HP: 29/33 MP: 2/2
  1298 | D:1      | Reached XP level 4. HP: 40/40 MP: 3/3
  1996 | D:3      | Reached ** piety under Trog
  2311 | D:3      | Found an opulent altar of Gozag.
  2936 | D:3      | Reached XP level 5. HP: 45/47 MP: 4/4
  3206 | D:3      | Found a burning altar of Makhleb.
  3215 | D:3      | Reached skill level 5 in Axes
  3304 | D:4      | Reached *** piety under Trog
  3318 | D:4      | Reached XP level 6. HP: 4/53 MP: 5/5
  3318 | D:4      | HP: 3/79 [poisoned by a worker ant]
  3321 | D:4      | HP: 1/53 [poisoned by a worker ant]
  3322 | D:4      | Succumbed to a worker ant's poison

Illustrated notes

Levels and vault maps discovered:
D:1:      dpeg_arrival_round_b, layout_basic, grunt_decor_fettered
D:2:      layout_basic
D:3:      cheibrodos_greedy_goblins, layout_loops_ring, general_overflow_altar,
          makhleb_heckhound_becter
D:4:      old_forge, layout_rooms

Skill      XL: |  1  2  3  4  5 |
---------------+----------------+-----
Axes           | 4 5 |  5.4
Shields        | 1 2 3 |  3.6
Fighting       | 4 |  4.7
Armour         | 3 |  3.5
Dodging        | 3 |  3.2

Action                   |  1- 3 |  4- 6 || total
-------------------------+-------+-------++-------
Melee: Hand axe          |    62 |   112 ||   174
       Headbutt          |     8 |    13 ||    21
Invok: Berserk           |       |     1 ||     1
  Use: Scroll            |       |     6 ||     6
       Potion            |       |     1 ||     1
Armor: Animal skin       |    17 |     4 ||    21
       Ring mail         |       |    25 ||    25
Dodge: Dodged            |    46 |    63 ||   109

Table legend: (Time is in decaauts)
 A = Elapsed time spent in this place.
 B = Non-inter-level travel time spent in this place.
 C = Inter-level travel time spent in this place.
 D = Time resting spent in this place.
 E = Time spent auto-exploring this place.
 F = Levels seen in this place.
 G = Mean time per level.
                   A        B        C        D        E       F      G
               +--------+--------+--------+--------+--------+-----+--------+
         Total |   3333 |   3111 |    222 |      0 |   2655 |   4 |  833.2 |
       Dungeon |   3333 |   3111 |    222 |      0 |   2655 |   4 |  833.2 |
               +--------+--------+--------+--------+--------+-----+--------+

Top non-repeatable levels by time:
     D:3: 1336 daAuts
     D:2: 1133 daAuts
     D:1: 843 daAuts
     D:4: 20 daAuts
